 Dungeon Crawl Stone Soup version 0.30-a0-613-gdd512c7efb (webtiles) character file.

Game seed: 11386832579484017763

3331 wormed the Nimble (level 9, 42/42 HPs)
             Began as a Felid Summoner on Jan 8, 2023.
             Was an Initiate of Gozag.
             Quit the game on level 10 of the Dungeon.
             The game lasted 00:32:08 (11868 turns).

wormed the Nimble (Felid Summoner)                 Turns: 11868, Time: 00:32:08

Health: 42/42      AC:  2    Str:  4    XL:     9   Next: 71%
Magic:  21/21      EV: 27    Int: 20    God:    Gozag
Gold:   750        SH:  0    Dex: 24    Spells: 12/22 levels left
                                        Lives:  0   Deaths: 3

rFire   . . .      SeeInvis +    (weapon unavailable)
rCold   . . .      Faith    .    (shield unavailable)
rNeg    . . .      Spirit   .    (body armour unavailable)
rPois   .          Reflect  .    (helmet unavailable)
rElec   .          Harm     .    (cloak unavailable)
rCorr   .          Rampage  .    (gloves unavailable)
Will    +....                    (boots unavailable)
Stlth   +++                      h - amulet of magic regeneration
HPRegen 0.27/turn                s - +6 ring of dexterity
MPRegen 0.57/turn                (no ring)

@: quick
A: very small, claws 1, fangs 3, see invisible, speed 1, shaggy fur 2, stealthy
paws, no weapons or thrown items, no armour, multi-lived
a: Renounce Religion, Potion Petition, Call Merchant, Bribe Branch


You were on level 10 of the Dungeon.
You worshipped Gozag.
Gozag was pleased with you.
You visited 2 branches of the dungeon, and saw 11 of its levels.

You collected 1461 gold pieces.
You paid 711 gold pieces to Gozag.

Inventory:

Jewellery
 h - an amulet of magic regeneration (around neck)
 s - a +6 ring of dexterity (left paw)
Wands
 d - a wand of mindburst (5) (quivered)
 j - a wand of flame (62)
 n - a wand of polymorph (12)
 p - a wand of roots (4)
Scrolls
 b - a scroll of fear
 m - 4 scrolls of teleportation
 q - a scroll of identify
Potions
 a - 2 potions of magic
 c - 2 potions of berserk rage
 e - a potion of brilliance
 f - 2 potions of curing
 g - 4 potions of heal wounds
 i - 3 potions of lignification
 k - 2 potions of attraction
 l - a potion of haste {unknown}
 o - a potion of resistance
 r - a potion of might


   Skills:
 + Level 6.8 Fighting
 + Level 9.6 Dodging
 - Level 2.6 Stealth
 + Level 7.4 Spellcasting
 - Level 5.0 Hexes
 + Level 8.5 Summonings
 - Level 7.0 Air Magic


You had 12 spell levels left.
You knew the following spells:

 Your Spells              Type           Power      Damage    Failure   Level
a - Call Canine Familiar  Summ           41%        N/A       1%          3
b - Summon Guardian Gole  Hex/Summ       34%        N/A       1%          3
c - Summon Lightning Spi  Summ/Air       38%        N/A       3%          4

Your spell library contained the following spells:

 Spells                   Type           Power      Damage    Failure   Level
 Summon Small Mammal      Summ           100%       N/A       1%          1
 Call Imp                 Summ           41%        N/A       1%          2
 Freeze                   Ice            28%        1d5       9%          1
 Inner Flame              Hex/Fire       17%        N/A       10%         3
 Cause Fear               Hex            13%        N/A       12%         4
 Frozen Ramparts          Ice            14%        1d3       26%         3
 Gell's Gravitas          Tloc           7%         N/A       26%         3
 Hailstorm                Conj/Ice       7%         3d4       26%         3
 Lesser Beckoning         Tloc           14%        N/A       26%         3
 Teleport Other           Tloc           7%         N/A       26%         3
 Discord                  Hex            13%        N/A       100%        8


Dungeon Overview and Level Annotations

Branches:
Dungeon (10/15)            Temple (1/1) D:7            Lair (0/5) D:8
    Orc (0/2) D:10

Altars:
Ashenzari
Cheibriados
Dithmenos
Elyvilon
Fedhas
Gozag
Hepliaklqana
Kikubaaqudgha
Makhleb
Nemelex Xobeh
Okawaru
Qazlal
Ru
Sif Muna
Trog
Uskayaw
Vehumet
Wu Jian
Xom
Yredelemnul
Zin
The Shining One

Shops:
D:10 ?([:=


Innate Abilities, Weirdness & Mutations

You have sharp claws.
You have razor-sharp teeth.
You have supernaturally acute eyesight. (SInv)
You cover ground quickly. (Speed+)
You are covered in thick fur. (AC +2)
Your paws help you pounce on unaware monsters.
You are incapable of wielding weapons or throwing items.
You cannot wear armour.
You gain extra lives every three experience levels.


Message History

The ufetubus misses you. The ufetubus completely misses you.
Aiming: Mindburst
Press: ? - help, Q - select action, (/) - cycle Shift-Dir - straight line, f - kobold demonologist
Aim: a kobold demonologist, wielding a +0 dagger and wearing a +0 robe (moderately wounded, ally target, chance to affect: 47%)
Your guardian golem is unaffected.
Your hound barely misses the kobold demonologist.
The ufetubus completely misses you. The ufetubus barely misses you.
The ufetubus completely misses you. The ufetubus misses you.
The kobold demonologist hits your hound with a +0 dagger.
The white imp completely misses you.
Aiming: Mindburst
Press: ? - help, Q - select action, (/) - cycle Shift-Dir - straight line, f/p - kobold demonologist
Aim: a kobold demonologist, wielding a +0 dagger and wearing a +0 robe (lightly wounded, ally target, chance to affect: 47%)
Your guardian golem is unaffected.
Your hound barely misses the kobold demonologist.
The ufetubus barely misses you. The ufetubus completely misses you.
The ufetubus closely misses you. The ufetubus misses you.
The kobold demonologist hits your hound with a +0 dagger.
Your hound barely misses the kobold demonologist.
The white imp gestures at you. The puff of frost hits you!
* * * LOW HITPOINT WARNING * * *
The ufetubus completely misses you. The ufetubus closely misses you. x2
The ufetubus barely misses you.
Aiming: Mindburst
Press: ? - help, Q - select action, (/) - cycle Shift-Dir - straight line, f/p - kobold demonologist
Aim: a kobold demonologist, wielding a +0 dagger and wearing a +0 robe (lightly wounded, ally target, chance to affect: 47%)
Your guardian golem is unaffected.
Your hound misses the kobold demonologist.
The ufetubus barely misses you.
The ufetubus hits you but does no damage.
The ufetubus misses you. x2
The kobold demonologist misses your hound.
The white imp hits you.
* * * LOW HITPOINT WARNING * * *
The white imp freezes you.
You die...
You are now level 9!
You rejoin the land of the living...
Are you sure you want to abandon this character and quit the game? (Confirm with "yes".)

..###†....############.##### #_#
.........)......# #....^.#####
..)....∩...##.########..###.##.#
..##........#.............#.##.#
..###.....#.#########..##.#.##.##
..# ##...##...### #...###.#......
..# #.#######...###.#.# #.#....##
..# #.# ###..##.#.# #.....##
#.###.# ##@##.#.# ####### ......#
#.#h.#.# #.##### #...##.# #.#
##>....# #.# ####### # #.# # #.#
# #.# # #.### #


There were no monsters in sight!

Vanquished Creatures
  A nameless horror (D:5)
  A wight (D:9)
  2 orc priests (D:4)
  An iguana (D:5)
  A fire bat (D:3)
  An orc (D:4)
  3 bats
  A giant cockroach (D:1)
  2 jackals (D:1)
  2 quokkas
  A ball python (D:3)
16 creatures vanquished.

Vanquished Creatures (collateral kills)
  An efreet (D:9)
  A troll (D:9)
  Sigmund (D:6)
  2 yaks (D:8)
  2 sky beasts (D:7)
  3 water moccasins
  2 ice beasts (D:5)
  A kobold brigand (D:9)
  A gnoll sergeant (D:9)
  A scorpion (D:8)
  5 bullfrogs
  A jelly (D:6)
  3 necrophages
  6 wights
  2 howler monkeys
  A vampire bat (D:3)
  5 crimson imps (D:9)
  2 bullfrog zombies (D:5)
  A gnoll bouda (D:8)
  4 hounds
  A centaur skeleton (D:5)
  Jessica (D:3)
  2 scorpion zombies (D:5)
  An orc wizard (D:10)
  A nameless horror (D:2)
  3 hound zombies (D:5)
  17 gnolls
  4 adders
  2 shadow imps
  4 white imps
  An ufetubus (D:6)
  2 dart slugs (D:1)
  2 fire bats (D:3)
  15 orcs
  2 spectral bats (D:3)
  10 ball pythons
  11 bats
  A bat simulacrum (D:3)
  3 bat skeletons (D:3)
  A bat zombie (D:3)
  5 endoplasms
  3 giant cockroaches
  3 hobgoblins
  2 jackals (D:1)
  A quokka (D:5)
  2 frilled lizards
  3 goblins
  13 kobolds
  7 rats
168 creatures vanquished.

Vanquished Creatures (others)
  A two-headed ogre (D:9)
  A manticore (D:9)
  A centaur zombie (D:10)
  An unseen horror zombie (D:10)
  2 yaks (D:8)
  A wyvern (D:7)
  Edmund (D:5)
  Duvessa (D:5)
  4 orc warriors
  A black bear (D:6)
  2 centaurs
  A bullfrog (D:8)
  3 scorpions
  5 wights
  Dowan (D:6)
  A hound (D:6)
  2 orc priests
  A gnoll bouda (D:6)
  A bullfrog skeleton (D:5)
  A scorpion zombie (D:5)
  An iguana (D:4)
  5 gnolls
  2 orcs
  5 fungi (D:8)
  9 plants (D:8)
54 creatures vanquished.

Grand Total: 238 creatures vanquished

Notes
Turn   | Place    | Note
-------+----------+-------------------------------------------
     0 | D:1      | wormed the Felid Summoner began the quest for the Orb.
     0 | D:1      | Reached XP level 1. HP: 7/7 MP: 4/4
   285 | D:1      | Found a faded altar of an unknown god.
   339 | D:1      | Reached XP level 2. HP: 11/11 MP: 1/6
   606 | D:1      | Reached XP level 3. HP: 14/14 MP: 2/8
   610 | D:1      | Learned a level 3 spell: Call Canine Familiar
  1476 | D:2      | Noticed a nameless horror
  1490 | D:2      | Killed a nameless horror
  1649 | D:2      | Reached XP level 4. HP: 18/18 MP: 4/9
  1653 | D:2      | Learned a level 3 spell: Summon Guardian Golem
  2109 | D:3      | Found a radiant altar of Vehumet.
  2269 | D:3      | Reached skill level 1 in Hexes
  2364 | D:3      | Reached skill level 3 in Dodging
  2364 | D:3      | Reached skill level 5 in Summonings
  2368 | D:3      | Reached XP level 5. HP: 21/21 MP: 7/11
  2408 | D:3      | You fall into a shaft and drop 2 floors!
  2408 | D:5      | Entered Level 5 of the Dungeon
  2445 | D:5      | Found a shimmering altar of Xom.
  2483 | D:5      | Reached skill level 1 in Fighting
  2657 | D:5      | Gained mutation: You are covered in thick fur. (AC +2)
                  | [Felid growth]
  2657 | D:5      | Reached XP level 6. HP: 25/25 MP: 6/12
  2999 | D:3      | Noticed Jessica
  3018 | D:3      | Killed Jessica
  3019 | D:3      | Reached skill level 4 in Dodging
  3085 | D:3      | Found an iron altar of Okawaru.
  3559 | D:3      | Reached skill level 5 in Hexes
  3559 | D:3      | Reached XP level 7. HP: 27/30 MP: 10/13
  3698 | D:3      | Learned a level 4 spell: Summon Lightning Spire
  3726 | D:4      | Killed from afar by an orc priest
  3727 | D:4      | Reached XP level 6. HP: -2/26 MP: 2/12
  3837 | D:4      | Found a broken altar of Ashenzari.
  4683 | D:4      | Found the +18 Lear's hauberk
  4812 | D:4      | HP: 1/27 [orc priest/+0 hand axe (6)]
  4999 | D:5      | Noticed an ice beast
  5106 | D:5      | Killed an ice beast
  5107 | D:5      | Reached skill level 5 in Dodging
  5107 | D:5      | Reached XP level 7. HP: 23/30 MP: 14/14
  5260 | D:5      | Noticed Edmund
  5350 | D:5      | Killed Edmund
  5530 | D:5      | Found a stormy altar of Qazlal.
  5586 | D:5      | Reached skill level 1 in Air Magic
  5688 | D:5      | Found a glowing golden altar of the Shining One.
  5688 | D:5      | Found a shimmering blue altar of Sif Muna.
  5690 | D:5      | Found an ancient bone altar of Kikubaaqudgha.
  5748 | D:5      | Reached skill level 6 in Dodging
  5748 | D:5      | Reached XP level 8. HP: 36/36 MP: 16/16
  6087 | D:6      | Noticed Dowan
  6116 | D:6      | Reached skill level 5 in Spellcasting
  6149 | D:6      | Killed Dowan
  6232 | D:6      | Noticed Duvessa
  6237 | D:5      | Mangled by Duvessa
  6238 | D:5      | Reached XP level 7. HP: -10/32 MP: 15/15
  6422 | D:6      | Noticed Sigmund
  6435 | D:6      | Killed Sigmund
  6650 | D:6      | Reached XP level 8. HP: 36/36 MP: 3/17
  6680 | D:6      | Reached skill level 7 in Dodging
  6857 | D:6      | Found a snail-covered altar of Cheibriados.
  7180 | D:5      | Killed Duvessa
  7382 | D:7      | Reached skill level 5 in Fighting
  7715 | D:7      | Found a staircase to the Ecumenical Temple.
  7780 | D:7      | Reached XP level 9. HP: 36/40 MP: 18/18
  8122 | Temple   | Entered the Ecumenical Temple
  8273 | Temple   | Became a worshipper of Gozag Ym Sagoz the Greedy
  8563 | D:8      | Reached skill level 5 in Air Magic
  8569 | D:8      | Reached skill level 8 in Dodging
  9292 | D:8      | Found a staircase to the Lair.
  9503 | D:9      | Noticed a manticore
  9540 | D:9      | Noticed a two-headed ogre
  9562 | D:9      | Killed a two-headed ogre
  9563 | D:9      | Reached XP level 10. HP: 45/45 MP: 17/20
 10014 | D:9      | Reached skill level 9 in Dodging
 10807 | D:9      | Killed a manticore
 10949 | D:10     | Entered Level 10 of the Dungeon
 10959 | D:10     | Found Biakomu's Antique Armour Shop.
 11142 | D:10     | Found a basalt altar of Yredelemnul.
 11378 | D:10     | Found Puibirgh's Book Boutique.
 11528 | D:10     | Found Zene's Weapon Emporium.
 11536 | D:10     | Found Hudir's Magic Scroll Shop.
 11572 | D:10     | Found a staircase to the Orcish Mines.
 11867 | D:10     | Slain by a white imp
 11868 | D:10     | Reached XP level 9. HP: 0/42 MP: 21/21
 11868 | D:10     | Quit the game

Illustrated notes

Levels and vault maps discovered:
D:1:      dpeg_arrival_signposts, layout_rooms,
          shapermc_ecumenical_altar_starsandcircs,
          amcnicky_mini_corridor_feature
D:2:      layout_loops_ring, minmay_pentomino_p4
D:3:      layout_rooms, hellmonk_okawaru_the_only_friend_you_need,
          vehumet_altar_wand_db, goddamned_bats, uniq_jessica
D:4:      layout_basic, nicolae_ashenzari_skybound
D:5:      layout_basic, mainiacjoe_overflow_small_starburst,
          nicolae_qazlal_scattered_showers, gammafunk_temple_overflow_claw,
          serial_undead, serial_undead_d, serial_undead_c, serial_undead_b,
          serial_undead_a, uniq_edmund
D:6:      layout_gridville, chei_slow_surprise, uniq_sigmund, uniq_duvessa
D:7:      layout_loops_ring, minmay_temple_entry_wispy, chequers_hall_statues_y
D:8:      layout_basic, grunt_lair_entry_orc_guard_hut
D:9:      wander_river, layout_basic, minmay_nine_imps
D:10:     layout_basic, lemuel_zombie_altar_yredelemnul, orc_0_dummy,
          serial_shops, nicolae_shop_bloodbath_and_beyond, shop_fountains,
          nicolae_shop_hallway_plus, nicolae_lakefront_shop, shop,
          minmay_misc_feat_enclosed
Temple:   hellmonk_temple_forest_ring

Skill      XL: |  1  2  3  4  5  6  7  8  9 10 |
---------------+-------------------------------+-----
Spellcasting   | 3 4 5 6 7 |  7.4
Hexes          | 2 3 5 |  5.0
Dodging        | 3 5 6 7 8 9 |  9.6
Summonings     | 5 6 7 8 |  8.5
Fighting       | 1 2 3 5 6 |  6.8
Air Magic      | 3 4 6 7 |  7.0
Stealth        | |  2.6

Action                   |  1- 3 |  4- 6 |  7- 9 | 10-12 || total
-------------------------+-------+-------+-------+-------++-------
Melee: Unarmed           |    19 |    47 |    59 |    17 ||   142
       Bite              |     3 |    10 |     9 |     3 ||    25
       Punch             |       |       |     2 |     1 ||     3
 Cast: Summon Small Mamm |    46 |    21 |       |       ||    67
       Call Canine Famil |    11 |    35 |    63 |    23 ||   132
       Summon Guardian G |       |    15 |    50 |    20 ||    85
       Summon Lightning  |       |       |    22 |    17 ||    39
Invok: Call Merchant     |       |       |       |     1 ||     1
Evoke: Wand              |       |       |       |     3 ||     3
  Use: Scroll            |       |     1 |    15 |     2 ||    18
       Potion            |       |     1 |     3 |     1 ||     5
 Stab: Distracted        |     1 |       |     1 |       ||     2
Armor: Skin              |     6 |    14 |     5 |     5 ||    30
Dodge: Dodged            |    53 |    91 |   117 |   108 ||   369

Table legend: (Time is in decaauts)
 A = Elapsed time spent in this place.
 B = Non-inter-level travel time spent in this place.
 C = Inter-level travel time spent in this place.
 D = Time resting spent in this place.
 E = Time spent auto-exploring this place.
 F = Levels seen in this place.
 G = Mean time per level.
                   A        B        C        D        E       F      G
               +--------+--------+--------+--------+--------+-----+--------+
         Total |  10474 |   9881 |    593 |      0 |   7072 |  11 |  952.2 |
       Dungeon |  10339 |   9773 |    566 |      0 |   6975 |  10 | 1033.9 |
        Temple |    134 |    107 |     27 |      0 |     97 |   1 |  134.0 |
               +--------+--------+--------+--------+--------+-----+--------+

Top non-repeatable levels by time:
     D:5: 1367 daAuts
     D:9: 1272 daAuts
     D:3: 1240 daAuts
     D:4: 1097 daAuts
     D:1: 1028 daAuts
     D:8: 929 daAuts
     D:7: 899 daAuts
     D:6: 875 daAuts
     D:2: 842 daAuts
    D:10: 785 daAuts
  Temple: 134 daAuts
